 Dungeon Crawl Stone Soup version 0.21.0-3-g78d12a8 (webtiles) character file.

24696 Ignatius881 the Severer (level 12, -1/168 HPs)
             Began as a Minotaur Berserker on Jan 12, 2018.
             Was the Champion of Trog.
             Slain by a ten-headed hydra (7 damage)
             ... on level 2 of the Lair of Beasts.
             The game lasted 00:36:13 (13086 turns).

Ignatius881 the Severer (Minotaur Berserker)       Turns: 13086, Time: 00:36:14

Health: -1/168     AC: 13    Str: 28    XL:     12   Next: 82%
Magic:  3/3        EV: 15    Int:  4    God:    Trog [******]
Gold:   862        SH:  0    Dex: 14    Spells: 11/11 levels left

rFire    . . .     SeeInvis .   S - +6 executioner's axe (antimagic)
rCold    . . .     Gourm    .   (shield currently unavailable)
rNeg     . . .     Faith    .   I - +0 chain mail
rPois    .         Spirit   .   (helmet restricted)
rElec    .         Reflect  .   (no cloak)
rCorr    .         Harm     .   (no gloves)
MR       .....                  (no boots)
Stlth    ..........             z - amulet of regeneration
HPRegen  0.78/turn              J - +1 ring of protection
MPRegen  0.08/turn              (no ring)

@: berserking, very quick
A: retaliatory headbutt, horns 2
a: Berserk, Trog's Hand, Brothers in Arms, Burn Spellbooks, Renounce Religion


You were on level 2 of the Lair of Beasts.
You worshipped Trog.
Trog was exalted by your worship.
You were very hungry.

You visited 3 branches of the dungeon, and saw 14 of its levels.

You collected 862 gold pieces.

Inventory:

Hand Weapons
 G - a +3 battleaxe
   (You found it on level 7 of the Dungeon)
 S - a +6 antimagic executioner's axe (weapon)
   (Trog gifted it to you on level 2 of the Lair of Beasts)
 U - a +2 war axe
   (You took it off a wight on level 11 of the Dungeon)
Armour
 a - a +0 pair of boots
   (You found it on level 2 of the Lair of Beasts)
 I - a +0 chain mail (worn)
   (You found it on level 3 of the Dungeon)
 P - a +1 pair of boots
   (You found it on level 9 of the Dungeon)
 X - a +0 shield
   (You found it on level 1 of the Lair of Beasts)
Jewellery
 u - an uncursed amulet of faith {!P}
   (You found it on level 5 of the Dungeon)
 x - an uncursed amulet of guardian spirit
   (You found it on level 4 of the Dungeon)
 z - an amulet of regeneration (around neck)
   (You found it on level 6 of the Dungeon)
 J - a +1 ring of protection (left hand)
   (You took it off an orc priest on level 8 of the Dungeon)
 Q - a +1 ring of evasion {unknown}
   (You took it off a wight on level 9 of the Dungeon)
 R - an uncursed ring of protection from fire
   (You found it on level 9 of the Dungeon)
Wands
 d - a wand of iceblast (8)
   (You took it off Joseph on level 1 of the Lair of Beasts)
 y - a wand of polymorph (70)
   (You took it off Grinder on level 5 of the Dungeon)
 D - a wand of clouds (3)
   (You found it on level 6 of the Dungeon)
Scrolls
 c - 7 scrolls of teleportation {@r4}
 g - 4 scrolls of fear
 i - 8 scrolls of immolation {!r}
 m - 2 scrolls of enchant weapon {unknown}
 v - 3 scrolls of enchant armour
 F - 4 scrolls of acquirement {unknown}
 H - 2 scrolls of holy word {unknown}
 K - 2 scrolls of magic mapping
 M - a scroll of silence
 N - 3 scrolls of noise {unknown}
 O - a scroll of random uselessness {unknown}
 W - 8 scrolls of remove curse {@r2}
 Y - a scroll of torment {unknown}
Potions
 f - 4 potions of curing {unknown}
 j - a potion of magic {unknown}
 k - a potion of invisibility {unknown}
 l - a potion of mutation {unknown}
 n - 8 potions of heal wounds {unknown}
 p - 3 potions of lignification {unknown}
 q - 3 potions of brilliance {unknown}
 r - 2 potions of agility
 s - 2 potions of cancellation {unknown}
 w - 6 potions of haste {@q3}
 A - a potion of ambrosia {unknown}
 B - 3 potions of degeneration {unknown}
 C - a potion of flight {unknown}
 T - a potion of resistance {unknown}
Miscellaneous
 V - a phantom mirror
Comestibles
 e - 21 rations


   Skills:
 + Level 12.1 Fighting
 * Level 15.9 Axes
 + Level 11.8 Armour
 + Level 10.9 Dodging


You had 11 spell levels left.
You didn't know any spells.

Dungeon Overview and Level Annotations

Branches:
Dungeon (11/15)            Temple (1/1) D:6            Lair (2/6) D:11
  Swamp (0/4) Lair:2          Orc (0/2) D:11
  Snake: Lair:2-4    Spider: Lair:2-4

Altars:
Ashenzari
Cheibriados
Dithmenos
Elyvilon
Fedhas
Gozag
Hepliaklqana
Kikubaaqudgha
Makhleb
Nemelex Xobeh
Okawaru
Qazlal
Ru
Sif Muna
Trog
Uskayaw
Vehumet
Wu Jian
Xom
Yredelemnul
Zin
The Shining One
Beogh

Shops:
D:9 *

Annotations:
D:10 1 runed door


Innate Abilities, Weirdness & Mutations

You reflexively headbutt those who attack you in melee.
You have a pair of horns on your head.


Message History

You are too injured to fight recklessly!
You are too injured to fight recklessly!
You hack one of the nine-headed hydra's heads off!
The eight-headed hydra grows two more!
You hit the ten-headed hydra. You hit the fungus.
The ten-headed hydra bites you.
* * * LOW HITPOINT WARNING * * *
The ten-headed hydra barely misses you. x2
The ten-headed hydra closely misses you.
The ten-headed hydra bites you but does no damage.
The ten-headed hydra misses you.
The ten-headed hydra bites you but does no damage.
The ten-headed hydra completely misses you.
The ten-headed hydra barely misses you.
The ten-headed hydra bites you but does no damage.
You barely miss the ten-headed hydra. You hit the fungus.
The ten-headed hydra bites you!
* * * LOW HITPOINT WARNING * * *
The ten-headed hydra bites you!
* * * LOW HITPOINT WARNING * * *
The ten-headed hydra closely misses you.
The ten-headed hydra misses you.
The ten-headed hydra bites you but does no damage.
The ten-headed hydra bites you!
* * * LOW HITPOINT WARNING * * *
The ten-headed hydra closely misses you.
The ten-headed hydra barely misses you. x2
The ten-headed hydra bites you but does no damage.
The ten-headed hydra closely misses you.
The ten-headed hydra bites you but does no damage.
The ten-headed hydra completely misses you.
The ten-headed hydra closely misses you. x2
The ten-headed hydra bites you!
* * * LOW HITPOINT WARNING * * *
The ten-headed hydra bites you.
* * * LOW HITPOINT WARNING * * *
The ten-headed hydra bites you but does no damage. x2
The ten-headed hydra barely misses you.
A red film seems to cover your vision as you go berserk!
You feel yourself moving faster!
You feel mighty!
You are feeling very hungry.
The ten-headed hydra misses you. You furiously retaliate!
You headbutt the ten-headed hydra!
The ten-headed hydra bites you but does no damage.
The ten-headed hydra bites you.
* * * LOW HITPOINT WARNING * * *
The ten-headed hydra bites you!
* * * LOW HITPOINT WARNING * * *
The ten-headed hydra misses you. The ten-headed hydra barely misses you.
The ten-headed hydra bites you!
You die...

. .≈§S§≈§§..# ..
........#
...####.P.#.P
...l.......#
...........##
...........P#
..#..#.#l...# #.
###D...## ..
##@....#
...######P.....#
......#P#P.....#
..............##
..............##
.....#.........#
.....[#PP#....##
..............#
.........#....##


You could see a ten-headed hydra and a basilisk.

Vanquished Creatures
  A hydra (Lair:1)
  Erica (D:11)
  4 two-headed ogres
  An unseen horror (D:10)
  A deep elf mage (D:10)
  A cyclops (D:11)
  3 ugly things
  2 centaur skeletons
  Joseph (Lair:1)
  A spiny frog (Lair:1)
  A gargoyle (D:10)
  4 komodo dragons
  An efreet (D:11)
  2 rime drakes
  A queen bee (D:9)
  2 hornets
  Grinder (D:5)
  5 blink frogs (Lair:1)
  9 hippogriffs
  29 yaks
  Grum (D:8)
  6 vampire mosquitoes (Lair:2)
  A hungry ghost (D:8)
  3 water moccasins
  A porcupine (Lair:1)
  Duvessa (D:4)
  An eye of draining (D:8)
  A hornet zombie (D:8)
  A sky beast (D:6)
  3 orc warriors
  3 ice beasts (D:10)
  A black bear (D:9)
  2 ogres
  4 phantoms
  2 centaurs
  2 wolves (D:8)
  A crocodile (Lair:2)
  7 bullfrogs
  A big kobold (D:11)
  Dowan (D:4)
  A water moccasin zombie (D:7)
  A wyvern skeleton (D:6)
  6 scorpions
  16 killer bees
  20 wights
  The ghost of dscm the Skirmisher, a weakling OpFi (D:4)
  9 howler monkeys
  2 centaur zombies (D:10)
  3 crimson imps
  4 jellies
  2 bullfrog skeletons (D:10)
  4 hounds
  4 orc priests
  Jessica (D:2)
  15 orc wizards
  9 worker ants
  A killer bee zombie (D:7)
  2 hound zombies (D:9)
  5 hound skeletons
  A mummy (D:5)
  2 worker ant zombies
  12 adders
  2 shadow imps
  2 oozes
  2 worms
  2 dart slugs (D:2)
  8 leopard geckos
  40 orcs
  13 giant cockroaches
  10 goblins
  4 hobgoblins
  10 jackals
  10 kobolds
  6 quokkas
  4 bats
  A frilled lizard (D:3)
  3 rats
  A spectral orc (D:3)
  A butterfly (D:10)
354 creatures vanquished.

Notes
Turn   | Place    | Note
-------+----------+-------------------------------------------
     0 | D:1      | Ignatius881 the Minotaur Berserker began the quest for the Orb.
     0 | D:1      | Reached XP level 1. HP: 19/19 MP: 0/0
   125 | D:1      | Reached XP level 2. HP: 27/27 MP: 1/1
   161 | D:1      | Reached skill level 4 in Axes
  1101 | D:2      | Reached XP level 3. HP: 23/33 MP: 2/2
  1110 | D:2      | Reached XP level 4. HP: 28/40 MP: 3/3
  1304 | D:2      | Reached ** piety under Trog
  1360 | D:2      | Reached skill level 5 in Axes
  1445 | D:2      | Reached XP level 5. HP: 38/47 MP: 4/4
  1552 | D:2      | Found an iron altar of Okawaru.
  1571 | D:2      | Noticed Jessica
  1574 | D:2      | Killed Jessica
  1690 | D:2      | Found a blossoming altar of Fedhas.
  1999 | D:3      | Found a glowing golden altar of the Shining One.
  2178 | D:3      | Reached XP level 6. HP: 43/55 MP: 5/5
  2253 | D:3      | Found a faded altar of an unknown god.
  2371 | D:3      | Reached *** piety under Trog
  2439 | D:3      | Found a roughly hewn altar of Beogh.
  2447 | D:3      | Reached skill level 5 in Fighting
  2447 | D:3      | Reached skill level 6 in Axes
  2486 | D:3      | Found a basalt altar of Yredelemnul.
  2987 | D:4      | Noticed dscm's ghost (weakling OpFi)
  2996 | D:4      | Killed dscm's ghost
  3056 | D:4      | Found an ancient bone altar of Kikubaaqudgha.
  3186 | D:4      | Noticed Duvessa
  3187 | D:4      | Noticed Dowan
  3209 | D:4      | Killed Duvessa
  3212 | D:4      | Killed Dowan
  3212 | D:4      | Reached XP level 7. HP: 33/61 MP: 3/6
  3569 | D:5      | Entered Level 5 of the Dungeon
  3582 | D:5      | Found a snail-covered altar of Cheibriados.
  3617 | D:5      | Noticed Grinder
  3635 | D:5      | Reached skill level 7 in Axes
  3638 | D:5      | Paralysed by Grinder for 2 turns
  3642 | D:5      | Killed Grinder
  3642 | D:5      | Reached skill level 5 in Armour
  3700 | D:5      | Reached XP level 8. HP: 36/70 MP: 7/7
  3989 | D:5      | Found a hide-covered altar of Uskayaw.
  4008 | D:5      | Found a shattered altar of Ashenzari.
  4016 | D:5      | Reached skill level 5 in Dodging
  4039 | D:5      | Reached skill level 8 in Axes
  4052 | D:5      | Reached **** piety under Trog
  4077 | D:5      | Noticed a hippogriff
  4168 | D:5      | Killed a hippogriff
  4807 | D:6      | Found a staircase to the Ecumenical Temple.
  4841 | Temple   | Entered the Ecumenical Temple
  5262 | D:6      | Reached skill level 9 in Axes
  6087 | D:7      | Reached XP level 9. HP: 38/79 MP: 8/8
  6572 | D:7      | Reached skill level 10 in Axes
  6578 | D:7      | Reached ***** piety under Trog
  7218 | D:8      | Noticed a two-headed ogre
  7228 | D:8      | Killed a two-headed ogre
  7228 | D:8      | Reached skill level 11 in Axes
  7633 | D:8      | Noticed Grum
  7642 | D:8      | Reached XP level 10. HP: 71/90 MP: 9/9
  7648 | D:8      | Killed Grum
  7775 | D:8      | Found a sacrificial altar of Ru.
  7783 | D:8      | Found a bloodstained altar of Trog.
  8316 | D:9      | Reached skill level 12 in Axes
  8818 | D:9      | Reached XP level 11. HP: 89/99 MP: 10/10
  8905 | D:9      | Found Feten's General Store.
  8909 | D:9      | Reached skill level 13 in Axes
  8970 | D:9      | Noticed a two-headed ogre
  8981 | D:9      | Killed a two-headed ogre
  8981 | D:9      | Reached skill level 10 in Fighting
  9271 | D:10     | Entered Level 10 of the Dungeon
  9316 | D:10     | Killed an unseen horror
  9362 | D:10     | Noticed a two-headed ogre
  9369 | D:10     | Killed a two-headed ogre
  9369 | D:10     | Reached skill level 10 in Armour
  9438 | D:10     | Found a runed door.
  9465 | D:10     | Found a runed door.
  9517 | D:10     | Paralysed by a hornet for 2 turns
  9752 | D:10     | Noticed a deep elf mage
  9758 | D:10     | Killed a deep elf mage
  9761 | D:10     | Reached skill level 14 in Axes
 10548 | D:11     | Noticed Erica
 10563 | D:11     | Killed Erica
 10617 | D:11     | Found a staircase to the Lair.
 10637 | D:11     | Noticed a green ugly thing
 10648 | D:11     | Killed a green ugly thing
 10665 | D:11     | Noticed a brown ugly thing
 10666 | D:11     | Noticed a two-headed ogre
 10676 | D:11     | Killed a brown ugly thing
 10676 | D:11     | Reached XP level 12. HP: 92/110 MP: 11/11
 10682 | D:11     | Killed a two-headed ogre
 10682 | D:11     | Reached skill level 10 in Dodging
 11047 | D:11     | Found a staircase to the Orcish Mines.
 11384 | D:11     | Received a gift from Trog
 11621 | D:11     | Reached skill level 15 in Axes
 11646 | Lair:1   | Entered Level 1 of the Lair of Beasts
 11857 | Lair:1   | Noticed Joseph
 11868 | Lair:1   | Killed Joseph
 12213 | Lair:1   | Noticed a four-headed hydra
 12223 | Lair:1   | Killed an eight-headed hydra
 12257 | Lair:1   | Reached ****** piety under Trog
 12655 | Lair:2   | Received a gift from Trog
 12915 | Lair:2   | Found a staircase to the Swamp.
 13073 | Lair:2   | Noticed a five-headed hydra
 13086 | Lair:2   | HP: 6/168 [ten-headed hydra (12)]
 13086 | Lair:2   | Slain by a ten-headed hydra

Skill      XL: |  1  2  3  4  5  6  7  8  9 10 11 12 |
---------------+-------------------------------------+-----
Axes           | 4 5 6 7 9 11 12 14 15 | 15.9
Fighting       | 4 5 6 7 8 9 11 12 | 12.1
Armour         | 3 4 5 6 8 9 10 11 | 11.8
Dodging        | 3 4 6 7 8 9 10 | 10.9

Action                   |  1- 3 |  4- 6 |  7- 9 | 10-12 || total
-------------------------+-------+-------+-------+-------++-------
Melee: Hand axe          |    39 |   158 |   215 |       ||   412
       Headbutt          |     7 |    29 |    62 |   105 ||   203
       Battleaxe         |       |       |    89 |   472 ||   561
       Executioner's axe |       |       |       |    37 ||    37
Invok: Berserk           |       |       |     4 |    11 ||    15
  Use: Scroll            |       |     6 |     6 |     2 ||    14
 Stab: Sleeping          |     1 |       |       |       ||     1
  Eat: Chunk             |       |     7 |     8 |    23 ||    38
       Ration            |       |       |     4 |     1 ||     5
Armor: Animal skin       |     1 |       |       |       ||     1
       Ring mail         |     2 |    24 |       |       ||    26
       Chain mail        |       |    48 |   125 |   224 ||   397
Dodge: Dodged            |    15 |    79 |   151 |   403 ||   648
